 Dungeon Crawl Stone Soup version 0.26-a0-707-g31817bcca1 (webtiles) character file.

Game seed: 7665428157145175406

589070 lunkers the Conqueror (level 27, -13/323 HPs)
             Began as an Ogre Fighter on Oct 26, 2020.
             Was the Champion of the Shining One.
             Killed from afar by an orb of fire (26 damage)
             ... with a bolt of fire
             ... on level 2 of the Realm of Zot on Oct 27, 2020.
             The game lasted 02:43:56 (68970 turns).

lunkers the Conqueror (Ogre Fighter)               Turns: 68970, Time: 02:43:57

Health: -13/323    AC: 34    Str: 44    XL:     27
Magic:  0/33       EV: 11    Int:  9    God:    the Shining One [******]
Gold:   6596       SH: 19    Dex:  8    Spells: 26/26 levels left

rFire    + . .     SeeInvis +   a - +3 giant club "Skullcrusher" {speed, Str+7}
rCold    + . .     Faith    .   (shield currently unavailable)
rNeg     + + +     Spirit   +   T - +8 gold dragon scales
rPois    +         Reflect  .   p - +0 mask of the Dragon {MR+ Slay+3 SInv}
rElec    .         Harm     .   S - scarf {repulsion}
rCorr    .         Rampage  .   (gloves unavailable)
MR       +++..                  (boots unavailable)
Stlth    ..........             h - brooch of Shielding {Spirit SH+8}
HPRegen  0.63/turn              L - +4 ring of protection
MPRegen  0.23/turn              R - +4 ring of evasion

@: divine shield, about to teleport, slowed, glowing, repel missiles, very slow
A: large, unfitting armour, talons 1, blurry vision 1, mutation resistance 1,
tough skin 1
}: 3/15 runes: serpentine, barnacled, silver
a: Divine Shield, Cleansing Flame, Summon Divine Warrior, Brand Weapon With Holy
Wrath, Renounce Religion


You were on level 2 of the Realm of Zot.
You worshipped the Shining One.
The Shining One was exalted by your worship.
You visited 9 branches of the dungeon, and saw 44 of its levels.
You also visited: Trove, Ossuary and Volcano.

You collected 7718 gold pieces.
You spent 1122 gold pieces at shops.

Inventory:

Hand Weapons
 a - the +3 giant club "Skullcrusher" (weapon) {speed, Str+7}
   (You found it on level 4 of the Dungeon)

   Attacks with this weapon are significantly faster.
   It affects your strength (+7).
Missiles
 f - 15 datura-tipped darts {=f}
 g - 14 boomerangs of dispersal {=f}
 j - 28 atropa-tipped darts {=f}
 k - 72 boomerangs
 m - 6 throwing nets {=f}
 A - 122 large rocks (quivered)
 B - 10 silver boomerangs
 O - 8 curare-tipped darts {=f}
 Z - 74 javelins
Armour
 p - the +0 mask of the Dragon (worn) {MR+ Slay+3 SInv}
   (You found it in a treasure trove)

   It affects your accuracy and damage with ranged weapons and melee attacks
   (+3).
   It affects your resistance to hostile enchantments.
   It lets you see invisible.
 S - a scarf of repulsion (worn)
 T - +8 gold dragon scales (worn)
Jewellery
 h - the brooch of Shielding (around neck) {Spirit SH+8}
   (You found it on level 5 of the Vaults)

   [amulet of guardian spirit]

   It causes incoming damage to be split between your health and magic.
   It affects your SH (+8).
 L - a +4 ring of protection (left hand)
 R - a +4 ring of evasion (right hand)
 W - the ring of Xom's Recklessness {rElec rN+ MR+ MP+9 Int+3}
   (You found it on level 13 of the Dungeon)

   [ring of magical power]

   It affects your intelligence (+3).
   It insulates you from electricity.
   It protects you from negative energy.
   It affects your resistance to hostile enchantments.
   It affects your magic capacity (+9).
Wands
 l - a wand of iceblast (82)
 w - a wand of digging (13)
 x - a wand of enslavement (36)
 y - a wand of paralysis (38)
 F - a wand of polymorph (63)
 H - a wand of disintegration (31)
 P - a wand of acid (38)
 V - a wand of flame (51)
Scrolls
 c - 11 scrolls of fear
 e - 18 scrolls of enchant weapon
 o - 11 scrolls of magic mapping
 r - 22 scrolls of identify
 s - 12 scrolls of blinking
 u - 19 scrolls of remove curse
 z - 20 scrolls of teleportation
 C - a scroll of brand weapon
 G - 2 scrolls of summoning
 Y - 4 scrolls of fog
Potions
 b - 3 potions of berserk rage
 d - 10 potions of might
 n - 5 potions of ambrosia
 q - 7 potions of flight
 t - 4 potions of resistance
 v - 26 potions of curing
 I - 4 potions of mutation
 J - 8 potions of haste
 K - 4 potions of heal wounds
 M - 6 potions of magic
 U - 5 potions of cancellation
Miscellaneous
 E - a phantom mirror
 N - a tin of tremorstones (3/3)
 X - a phial of floods


   Skills:
 O Level 27 Fighting
   Level 5.6(13.9) Axes
 - Level 17.7(18.0) Maces & Flails
 - Level 26.0 Throwing
 + Level 18.1 Armour
 - Level 2.6 Dodging
   Level 2.6 Shields
 + Level 14.2 Invocations


You had 26 spell levels left.
You didn't know any spells.
Your spell library contained the following spells:

 Spells                   Type           Power        Failure   Level
 Animate Skeleton         Necr           #.....       93%         1
 Apportation              Tloc           #.....       93%         1
 Corona                   Hex            #......      93%         1
 Foxfire                  Conj/Fire      #...         93%         1
 Magic Dart               Conj           #...         93%         1
 Pain                     Necr           #...         93%         1
 Sandblast                Erth           #.....       93%         1
 Shock                    Conj/Air       #...         93%         1
 Sting                    Tmut/Pois      #...         93%         1
 Summon Small Mammal      Summ           #...         93%         1
 Blink                    Tloc           N/A          98%         2
 Call Imp                 Summ           #.......     98%         2
 Corpse Rot               Necr/Air       N/A          98%         2
 Ensorcelled Hibernation  Hex/Ice        #.....       98%         2
 Passwall                 Tmut/Erth      #.......     98%         2
 Poisonous Vapours        Pois/Air       #.....       98%         2
 Slow                     Hex            #.......     98%         2
 Sublimation of Blood     Necr           #.........   98%         2
 Swiftness                Air            #.......     98%         2
 Confusing Touch          Hex            #.......     100%        3
 Conjure Flame            Conj/Fire      #.......     100%        3
 Dazzling Flash           Conj/Hex       #.....       100%        3
 Gell's Gravitas          Tloc           #.........   100%        3
 Ignite Poison            Fire/Tmut/Pois #.......     100%        3
 Inner Flame              Hex/Fire       #.......     100%        3
 Lesser Beckoning         Tloc           #.........   100%        3
 Mephitic Cloud           Conj/Pois/Air  #.......     100%        3
 Portal Projectile        Hex/Tloc       #.....       100%        3
 Static Discharge         Conj/Air       #.......     100%        3
 Stone Arrow              Conj/Erth      #.....       100%        3
 Teleport Other           Tloc           #.......     100%        3
 Tukima's Dance           Hex            #.......     100%        3
 Vampiric Draining        Necr           #.........   100%        3
 Airstrike                Air            #.........   100%        4
 Animate Dead             Necr           #.........   100%        4
 Cause Fear               Hex            #.........   100%        4
 Hailstorm                Conj/Ice       #.......     100%        4
 Ice Form                 Ice/Tmut       #.......     100%        4
 Iskenderun's Mystic Bla  Conj/Tloc      #.......     100%        4
 Leda's Liquefaction      Hex/Erth       #.........   100%        4
 Olgreb's Toxic Radiance  Pois           #.......     100%        4
 Passage of Golubria      Tloc           N/A          100%        4
 Petrify                  Tmut/Erth      #.......     100%        4
 Sticky Flame             Conj/Fire      #.......     100%        4
 Summon Lightning Spire   Summ/Air       #.......     100%        4
 Agony                    Necr           #.......     100%        5
 Alistair's Intoxication  Tmut/Pois      #........    100%        5
 Borgnjor's Vile Clutch   Necr/Erth      #.........   100%        5
 Fireball                 Conj/Fire      #.........   100%        5
 Irradiate                Conj/Tmut      #.........   100%        5
 Lee's Rapid Deconstruct  Erth           #.........   100%        5
 Lightning Bolt           Conj/Air       #.........   100%        5
 Metabolic Englaciation   Hex/Ice        #.........   100%        5
 Silence                  Hex/Air        #.........   100%        5
 Summon Demon             Summ           #.........   100%        5
 Summon Forest            Summ/Tloc      #.........   100%        5
 Summon Mana Viper        Hex/Summ       #.......     100%        5
 Yara's Violent Unravell  Hex/Tmut       #.........   100%        5
 Conjure Ball Lightning   Conj/Air       #.........   100%        6
 Death Channel            Necr           #.........   100%        6
 Eringya's Noxious Bog    Tmut/Pois      #.........   100%        6
 Freezing Cloud           Conj/Ice/Air   #.........   100%        6
 Hydra Form               Tmut           #.........   100%        6
 Ozocubu's Refrigeration  Ice            #.........   100%        6
 Shadow Creatures         Summ           N/A          100%        6
 Simulacrum               Ice/Necr       #.........   100%        6
 Summon Hydra             Summ           #.........   100%        7
 Tornado                  Air            #.........   100%        9


Dungeon Overview and Level Annotations

Branches:
Dungeon (15/15)            Temple (1/1) D:4            Lair (6/6) D:8
 Shoals (4/4) Lair:2        Snake (4/4) Lair:4        Slime (0/5) Lair:6
    Orc (2/2) D:11            Elf (0/3) Orc:2        Vaults (5/5) D:14
  Crypt (0/3) Vaults:2     Depths (5/5) D:15            Zot (2/5) Depths:5
Ossuary (visited)         Volcano (visited)

Altars:
Ashenzari
Cheibriados
Dithmenos
Elyvilon
Fedhas
Gozag
Hepliaklqana
Kikubaaqudgha
Makhleb
Nemelex Xobeh
Okawaru
Qazlal
Ru
Sif Muna
Trog
Uskayaw
Vehumet
Wu Jian
Xom
Yredelemnul
Zin
The Shining One
Jiyva

Shops:
D:7 *   Orc:2 ((**   Shoals:1 [=   Shoals:2 [   Shoals:4 *   Snake:2 *
Snake:4 [   Vaults:3 (   Depths:5 !

Portals:
Hell: Depths:1 Depths:2 Depths:3 Depths:4 Depths:5
Abyss: Depths:1 Depths:2
Pandemonium: Depths:3
Ziggurat: Depths:1

Annotations:
D:8 1 runed translucent door, TigOlBitties's ghost, novice SpEn
D:11 1 runed translucent door, Mamah's ghost, journeyman TrMo
Zot:2 1 transporter, 3 runed translucent doors, Jofris Vesimp's ghost, legendary GnFE


Innate Abilities, Weirdness & Mutations

You are too large for most types of armour.
You have tough skin. (AC +1)
You have sharp toenails.
Scrolls take you a little longer to read.
You are somewhat resistant to further mutation.


Message History

The electric golem hits you but does no damage.
The electric golem barely misses you. You block the electric golem's attack.
The electric golem hits you but does no damage.
The moth of wrath completely misses you.
The red draconian hits you but does no damage.
The curse toe gestures.
The cacodemon hits you.
* * * LOW HITPOINT WARNING * * *
The cacodemon barely misses you.
The electric golem hurls lightning at you.
The bolt of lightning hits you!!
* * * LOW MAGIC WARNING * * *
The Shining One protects you from harm!
The bolt of lightning hits the cacodemon!
The cacodemon resists.
The bolt of lightning hits the storm dragon.
The storm dragon completely resists.
The orb of fire glows bright magenta.
The bolt of fire hits you!! You resist.
You die...

##.[.###.........#
#..# # ##...##
#)........# #..#
##...## #.........#
#(.# ##[..##
##.........########
##...##
#####.#.#######
#..## ##...##
######..#######
#..(## #...##
#.###fff#####.#
##...## ...##
#.##f#f2q##.#.#
##...# ..##
#...D2@8q.....#
##... ..#
#...d#D*zz....#
##.. .[#
#..°DydXz○.#..# ##.
..# #..#°dD.○d##..#
## ..#
#..##°z..###..# #
..# #.##.#...####.#
..#######
###.#..>..#####
####### ........#
##.#.#...#.####
#...... ........#
###############
#......


You could see an orb of fire, an electric golem, 2 shadow dragons, a tentacled
monstrosity, a white draconian knight (icy armour), a golden dragon, a storm
dragon, a black draconian, 2 draconians, a red draconian, 2 curse toes, 2
cacodemons, 2 death cobs, a white draconian annihilator, 4 deathcaps, a moth of
wrath and a wandering mushroom (summoned).

Vanquished Creatures
  An orb of fire (Zot:2)
  Mennas (Vaults:5)
  Mara (Shoals:3)
  2 juggernauts
  Sojobo (Vaults:2)
  Boris (Depths:3)
  Margery (Vaults:2)
  A Killer Klown (Zot:2)
  Vashnia (Snake:3)
  13 golden dragons
  the Enchantress (Depths:3)
  Jory (Vaults:3)
  7 tentacled monstrosities
  3 liches
  5 titans
  Asterion (Snake:2)
  5 sphinxes
  6 quicksilver dragons
  Gastronok (Lair:2)
  Frances (Snake:2)
  3 death cobs (Zot:2)
  2 krakens
  Kirke (Lair:6)
  Donald (Shoals:1)
  12 shadow dragons
  10 tengu reavers
  3 draconian monks (Zot:2)
  7 nagarajas
  13 storm dragons
  13 fire giants
  2 draconian knights (Zot:2)
  An orc warlord (D:11)
  8 frost giants
  8 vault wardens
  A juggernaut zombie (Depths:1)
  6 deep elf sorcerers
  A cacodemon (Zot:2)
  2 iron dragons
  5 spriggan defenders
  A draconian stormcaller (Depths:5)
  A deep elf elementalist (Vaults:5)
  5 draconian scorchers
  26 stone giants
  38 very ugly things
  4 war gargoyles
  4 draconian annihilators
  13 ironheart preservers
  2 draconian shifters
  An entropy weaver (D:14)
  6 vampire knights
  6 black draconians
  4 white draconians
  2 green draconians
  A dire elephant (shapeshifter) (Depths:5)
  A minotaur (Depths:2)
  8 purple draconians
  7 yellow draconians
  6 spark wasps
  5 red draconians
  2 deep elf annihilators
  Snorg (Lair:6)
  2 merfolk javelineers (Shoals:4)
  A spark wasp (shapeshifter) (Depths:2)
  27 ettins
  13 merfolk impalers
  18 ogre magi
  A blizzard demon (Depths:3)
  Josephine (Lair:5)
  2 deep elf high priests
  14 yaktaur captains
  7 great orbs of eyes
  11 fire dragons
  A great orb of eyes (shapeshifter) (Depths:2)
  14 ice dragons
  11 naga warriors
  3 rakshasas
  5 spriggan air magi
  2 catoblepae
  9 boulder beetles
  24 vault guards
  An ice dragon (shapeshifter) (D:15)
  A merfolk avatar (Shoals:2)
  14 hydras
  A juggernaut simulacrum (Depths:1)
  An alligator snapping turtle (Shoals:4)
  5 death knights
  11 centaur warriors
  16 deep troll shamans
  3 merfolk aquamancers
  4 satyrs
  An anaconda (shapeshifter) (Depths:2)
  2 dancing weapons (D:14)
  15 death yaks
  10 tengu warriors
  10 deep troll earth magi
  2 orc high priests
  25 anacondas
  41 two-headed ogres
  Urug (Orc:1)
  2 vampire magi
  9 shock serpents
  14 naga sharpshooters
  5 spriggan berserkers
  7 deep elf knights
  2 soul eaters (Depths:1)
  2 sun demons
  4 spriggans
  12 hell knights
  2 fire crabs (Lair:6)
  3 salamander mystics
  A death drake (shapeshifter) (Vaults:4)
  2 shadow wraiths
  3 iron trolls
  An unseen horror (D:13)
  32 deep trolls
  A deep troll (shapeshifter) (Vaults:1)
  4 skeletal warriors (D:12)
  A shadow demon (Depths:1)
  11 sea snakes
  An unseen horror (shapeshifter) (Vaults:3)
  A gelid demonspawn (Depths:3)
  6 deep elf archers
  5 flayed ghosts
  2 glowing orange brains
  9 naga ritualists
  4 wizards
  A kraken simulacrum (Shoals:4)
  A sphinx zombie (Vaults:2)
  A golden dragon skeleton (Depths:4)
  A lindwurm (Lair:6)
  An obsidian statue (Depths:1)
  A swamp dragon (Lair:5)
  2 orb spiders (shapeshifter)
  7 ironbrand convokers
  27 harpies
  8 phantasmal warriors
  12 orc knights
  19 deep elf magi
  7 mana vipers
  11 necromancers
  8 wolf spiders
  A fire giant zombie (Depths:1)
  39 ugly things
  A cyclops (shapeshifter) (Vaults:3)
  A manticore (shapeshifter) (Vaults:5)
  14 salamanders
  13 fauns
  6 orc sorcerers
  A spriggan zombie (Depths:1)
  8 moths of wrath
  A stone giant skeleton (Depths:1)
  16 cyclopes
  16 manticores
  3 frost giant skeletons
  11 guardian serpents
  9 merfolk sirens
  2 fire giant skeletons (Vaults:3)
  37 black mambas
  8 water nymphs
  An eye of devastation (shapeshifter) (Depths:2)
  4 elephants (Lair:6)
  18 vault sentinels
  2 molten gargoyles (Volcano)
  17 naga magi
  A water nymph (shapeshifter) (Depths:3)
  6 torpor snails (Lair:6)
  2 centaur zombies
  3 orange demons
  5 spectral swamp worms (Depths:3)
  11 cane toads
  2 human zombies (Vaults:2)
  A torpor snail (shapeshifter) (Vaults:2)
  43 yaktaurs
  3 rime drakes
  A komodo dragon (shapeshifter) (Depths:2)
  A kobold demonologist (D:11)
  A yaktaur (shapeshifter) (Depths:3)
  2 guardian mummies (Depths:1)
  15 tengu conjurers
  An elf zombie (Depths:4)
  8 freezing wraiths
  2 human skeletons
  11 komodo dragons
  31 merfolk
  A queen bee (Depths:2)
  9 trolls
  A polar bear (shapeshifter) (Vaults:3)
  2 meliai (shapeshifter)
  A harpy skeleton (D:15)
  A queen bee (shapeshifter) (Depths:1)
  4 wind drakes
  2 sphinx simulacra
  5 blink frogs (Lair:2)
  A red devil (Depths:1)
  4 tyrant leeches (Lair:6)
  A tengu simulacrum (Vaults:1)
  11 polar bears
  A raiju (Lair:6)
  Grinder (D:5)
  15 hornets
  6 slime creatures
  Prince Ribbit (D:5)
  An iron dragon simulacrum (Depths:4)
  2 human simulacra
  A dream sheep (shapeshifter) (Vaults:4)
  6 snapping turtles
  A frost giant simulacrum (Depths:1)
  A stone giant simulacrum (Vaults:3)
  19 water elementals
  4 redbacks (Vaults:1)
  2 shadows (D:15)
  A vampire (D:11)
  2 wyverns
  7 wraiths
  53 yaks
  2 hogs (Lair:6)
  3 vampire mosquitoes (D:13)
  4 fire bats
  5 basilisks
  A steam dragon (D:11)
  Grum (D:9)
  A hog (shapeshifter) (D:15)
  A neqoxec (Depths:3)
  2 deep troll zombies (Vaults:1)
  A naga (shapeshifter) (Depths:2)
  47 nagas
  2 acid dragons
  11 wargs
  Edmund (D:5)
  16 hell hounds (Lair:6)
  7 water moccasins
  A floating eye (shapeshifter) (Vaults:3)
  A swamp drake (D:11)
  41 orc warriors
  A tengu skeleton (Depths:1)
  7 ice beasts
  3 sky beasts
  An ice beast (shapeshifter) (Depths:3)
  44 ogres
  3 phantoms
  25 wolves
  2 eyes of draining (D:13)
  2 eyes of draining (shapeshifter)
  16 boggarts
  18 black bears
  29 centaurs
  Blork the orc (D:6)
  A gnoll sergeant (Orc:2)
  10 big kobolds
  24 bullfrogs
  4 water moccasin zombies
  A bullfrog (shapeshifter) (Depths:1)
  A scorpion (D:7)
  25 killer bees
  14 wights
  3 howler monkeys
  An electric eel (Snake:3)
  2 bullfrog zombies
  10 crimson imps
  3 lava snakes (Volcano)
  7 hounds
  4 jellies
  A quasit (D:9)
  A gnoll shaman (Orc:2)
  24 orc priests
  3 bullfrog skeletons
  4 centaur skeletons
  2 iguanas
  5 iron imps
  Crazy Yiuf (D:7)
  52 orc wizards
  11 worker ants
  4 hell rats (Lair:4)
  3 big kobold zombies (Ossuary)
  2 mummies (Ossuary)
  A worker ant zombie (D:5)
  12 gnolls
  6 shadow imps
  12 adders
  3 white imps
  5 ufetubi
  2 oozes
  2 adder skeletons
  9 adder zombies (Ossuary)
  2 worms
  3 dart slugs (D:1)
  4 leopard geckos
  142 orcs
  4 ball pythons (D:1)
  7 giant cockroaches
  3 gnoll zombies (Ossuary)
  8 goblins
  6 hobgoblins
  15 jackals
  35 kobolds
  7 quokkas
  8 bats
  6 frilled lizards
  4 hobgoblin zombies (Ossuary)
  8 kobold zombies (Ossuary)
  6 orc zombies
  10 rats
  2 crawling corpses (D:15)
  A plant (Lair:6)
  5 tentacles
2287 creatures vanquished.

Vanquished Creatures (collateral kills)
  A merfolk siren (Shoals:3)
1 creature vanquished.

Vanquished Creatures (others)
  A tengu reaver (Vaults:2)
  A yaktaur (Vaults:2)
  3 humans (Lair:6)
  A crimson imp (Depths:1)
  A bush (Lair:6)
  41 fungi
  150 plants
  10 tentacles
208 creatures vanquished.

Grand Total: 2496 creatures vanquished

Notes
Turn   | Place    | Note
-------+----------+-------------------------------------------
     0 | D:1      | lunkers the Ogre Fighter began the quest for the Orb.
     0 | D:1      | Reached XP level 1. HP: 24/24 MP: 1/1
    80 | D:1      | Reached XP level 2. HP: 27/32 MP: 2/2
   373 | D:1      | Reached XP level 3. HP: 40/40 MP: 3/3
  1182 | D:2      | Reached XP level 4. HP: 35/49 MP: 4/4
  1404 | D:2      | Reached skill level 5 in Fighting
  1519 | D:2      | Found a basalt altar of Yredelemnul.
  1520 | D:2      | Found an ornate altar of the Wu Jian Council.
  2281 | D:3      | Noticed an ice beast
  2301 | D:3      | Killed an ice beast
  2301 | D:3      | Reached XP level 5. HP: 15/59 MP: 5/5
  2902 | D:3      | Reached skill level 5 in Axes
  3081 | D:3      | Reached XP level 6. HP: 56/67 MP: 6/6
  3239 | D:3      | Reached skill level 6 in Fighting
  3932 | D:4      | Found a staircase to the Ecumenical Temple.
  3937 | D:4      | Found the +3 giant club "Skullcrusher" {speed, Str+7}
  3972 | Temple   | Entered the Ecumenical Temple
  4131 | Temple   | Became a worshipper of the Shining One
  4188 | D:4      | Reached skill level 1 in Maces & Flails
  4395 | D:4      | Reached XP level 7. HP: 69/76 MP: 7/7
  4873 | D:4      | Reached skill level 7 in Fighting
  5109 | D:5      | Entered Level 5 of the Dungeon
  5141 | D:5      | Noticed Prince Ribbit
  5422 | D:5      | Killed Prince Ribbit
  5643 | D:5      | Noticed Grinder
  5652 | D:5      | Killed Grinder
  5652 | D:5      | Reached skill level 8 in Fighting
  5652 | D:5      | Reached XP level 8. HP: 83/88 MP: 8/8
  5789 | D:5      | Reached * piety under the Shining One
  5793 | D:5      | Reached skill level 5 in Maces & Flails
  6141 | D:5      | Noticed Edmund
  6147 | D:5      | Killed Edmund
  6512 | D:6      | Reached skill level 9 in Fighting
  6550 | D:6      | Reached XP level 9. HP: 25/100 MP: 9/9
  6975 | D:6      | Noticed Blork the orc
  7035 | D:6      | Killed Blork the orc
  7148 | D:6      | Reached skill level 10 in Fighting
  8420 | D:7      | Reached skill level 1 in Invocations
  8460 | D:7      | Reached ** piety under the Shining One
  8845 | D:7      | Found Ehit's Lightly-Used Armoury.
  9202 | D:7      | Found a runed translucent door.
  9203 | D:7      | Noticed Crazy Yiuf
  9362 | D:7      | Killed Crazy Yiuf
  9471 | D:8      | Reached XP level 10. HP: 81/111 MP: 11/11
  9632 | D:8      | Found a runed translucent door.
  9635 | D:8      | Identified the +3 trident "Vyacw" {flame, rPois}
  9637 | D:8      | Noticed TigOlBitties's ghost (novice SpEn)
  9725 | D:8      | Reached skill level 11 in Fighting
  9743 | D:8      | Found a sand-covered staircase.
  9755 | Ossuary  | Entered an ossuary
  9820 | Ossuary  | Reached *** piety under the Shining One
  9881 | Ossuary  | Reached **** piety under the Shining One
 10188 | D:8      | Found a staircase to the Lair.
 10191 | D:8      | Reached ***** piety under the Shining One
 11329 | D:9      | Reached skill level 10 in Maces & Flails
 11579 | D:9      | Reached skill level 5 in Invocations
 11821 | D:9      | Noticed Grum
 11825 | D:9      | Killed Grum
 11833 | D:9      | Reached skill level 12 in Fighting
 12011 | D:10     | Entered Level 10 of the Dungeon
 12327 | D:10     | Reached XP level 11. HP: 117/123 MP: 15/15
 12808 | D:10     | Found a white marble altar of Elyvilon.
 13927 | D:11     | Found a runed translucent door.
 13927 | D:11     | Noticed Mamah's ghost (journeyman TrMo)
 14088 | D:11     | Found a staircase to the Orcish Mines.
 14394 | D:11     | Reached ****** piety under the Shining One
 14412 | D:11     | Noticed a two-headed ogre
 14417 | D:11     | Killed a two-headed ogre
 14949 | D:12     | Noticed a two-headed ogre
 14960 | D:11     | Killed a two-headed ogre
 14960 | D:11     | Reached skill level 13 in Fighting
 15148 | D:12     | Noticed a cyclops
 15159 | D:12     | Killed a cyclops
 15282 | D:12     | Reached XP level 12. HP: 136/136 MP: 17/17
 15482 | D:12     | Noticed an eight-headed hydra
 15488 | D:12     | Killed an eight-headed hydra
 16291 | D:13     | Reached skill level 14 in Fighting
 16314 | D:13     | Noticed a two-headed ogre
 16317 | D:13     | Killed a two-headed ogre
 16378 | D:13     | Noticed a centaur warrior
 16384 | D:13     | Killed a centaur warrior
 16503 | D:13     | Got a scintillating bone amulet
 16721 | D:13     | Noticed a six-headed hydra
 16727 | D:13     | Killed a six-headed hydra
 16905 | D:13     | Noticed a two-headed ogre
 16916 | D:13     | Killed a two-headed ogre
 17100 | D:13     | Reached XP level 13. HP: 148/148 MP: 20/20
 17523 | D:13     | Got an ancient lead ring
 17596 | D:13     | Identified the ring of Xom's Recklessness {rElec rN+ MR+
                  | MP+9 Int+3} (You found it on level 13 of the Dungeon)
 17597 | D:13     | Identified the amulet of Iquoz {Inacc rPois} (You found it
                  | on level 13 of the Dungeon)
 17884 | D:14     | Reached skill level 10 in Invocations
 17948 | D:14     | Reached skill level 15 in Fighting
 18012 | D:14     | Found a gate to the Vaults.
 18913 | Lair:1   | Entered Level 1 of the Lair of Beasts
 19411 | Lair:1   | Reached skill level 1 in Throwing
 20108 | Lair:2   | Found a staircase to the Shoals.
 20218 | Lair:2   | Reached XP level 14. HP: 121/161 MP: 22/22
 20353 | Lair:2   | Found an ancient bone altar of Kikubaaqudgha.
 20630 | Lair:2   | Noticed Gastronok
 20650 | Lair:2   | Killed Gastronok
 20650 | Lair:2   | Reached skill level 16 in Fighting
 20817 | Lair:2   | Reached skill level 15 in Maces & Flails
 21086 | Lair:3   | You fall into a shaft and drop 1 floor!
 22914 | Lair:4   | Found a staircase to the Snake Pit.
 23040 | Lair:5   | Noticed Josephine
 23048 | Lair:5   | Killed Josephine
 23107 | Lair:5   | Found a dark tunnel.
 23122 | Volcano  | Entered a volcano
 23319 | Volcano  | Found a burning altar of Makhleb.
 23324 | Volcano  | Reached skill level 5 in Throwing
 23924 | Lair:5   | Got a polished tower shield
 23925 | Lair:5   | Identified the +7 tower shield "Hijeptu" {+Fly rPois rN+}
                  | (You found it on level 5 of the Lair of Beasts)
 23978 | Lair:5   | Noticed Sonja
 23980 | Lair:5   | Noticed Sonja
 23980 | Lair:5   | Sonja changed into Sonja the yak
 23984 | Lair:5   | Killed Sonja the yak
 24066 | Lair:5   | Noticed Nessos
 24070 | Lair:5   | Noticed Nessos
 24070 | Lair:5   | Nessos changed into Nessos the swamp dragon
 24074 | Lair:5   | Killed Nessos the swamp dragon
 24721 | Lair:2   | Got a crystal flail
 24722 | Lair:2   | Identified the cursed +0 flail of Spores {vorpal, rN+ MR+}
                  | (You found it on level 2 of the Lair of Beasts)
 24757 | Lair:2   | Got a steaming mace
 24758 | Lair:2   | Identified the +1 mace "Qavocik" {vorpal, *Corrode rN+
                  | Int+5} (You found it on level 2 of the Lair of Beasts)
 24868 | Lair:6   | Entered Level 6 of the Lair of Beasts
 24868 | Lair:6   | Found a staircase to the Slime Pits.
 24951 | Lair:5   | Reached XP level 15. HP: 99/171 MP: 24/24
 25109 | Lair:6   | Found a viscous altar of Jiyva.
 25161 | Lair:6   | Noticed Kirke
 25176 | Lair:6   | Killed Kirke
 25286 | Lair:6   | Reached skill level 17 in Fighting
 25510 | Lair:6   | Noticed Snorg
 25521 | Lair:6   | Killed Snorg
 25943 | Lair:6   | Reached skill level 18 in Fighting
 26815 | Lair:6   | Found a runed translucent door.
 26850 | Lair:6   | Paralysed by a hornet for 1 turns
 26855 | Lair:6   | Paralysed by a hornet for 2 turns
 26861 | Lair:6   | Paralysed by a hornet for 1 turns
 26862 | Lair:6   | HP: 7/178 [hornet (5)]
 27280 | Lair:6   | Reached XP level 16. HP: 188/188 MP: 25/25
 27641 | D:7      | Bought -3 gold dragon scales for 975 gold pieces
 27757 | Orc:1    | Entered Level 1 of the Orcish Mines
 27944 | Orc:1    | Reached skill level 1 in Armour
 29032 | Orc:2    | Entered Level 2 of the Orcish Mines
 29032 | Orc:2    | Noticed Urug
 29321 | Orc:1    | Killed Urug
 29986 | Orc:2    | Reached skill level 10 in Throwing
 29999 | Orc:2    | Reached skill level 19 in Fighting
 30267 | Orc:2    | Found a staircase to the Elven Halls.
 30796 | Orc:2    | Found Realyxad's Antique Weapon Boutique.
 30807 | Orc:2    | Found Kiutsor's General Store.
 30814 | Orc:2    | Found Seneappi's Antique Weapon Boutique.
 30814 | Orc:2    | Found Hymneaxa's General Store.
 30832 | Orc:2    | Bought a scroll of enchant armour for 105 gold pieces
 30832 | Orc:2    | Bought a scroll of teleportation for 42 gold pieces
 31603 | Snake:1  | Entered Level 1 of the Snake Pit
 32164 | Snake:1  | You fall into a shaft and drop 1 floor!
 32208 | Snake:2  | Noticed a nagaraja
 32223 | Snake:2  | Killed a nagaraja
 33242 | Snake:2  | Reached skill level 5 in Armour
 33395 | Snake:2  | Noticed Frances
 33401 | Snake:2  | Noticed Asterion
 33413 | Snake:2  | Killed Frances
 33413 | Snake:2  | Reached XP level 17. HP: 165/201 MP: 24/26
 33857 | Snake:2  | Killed Asterion
 33857 | Snake:2  | Reached skill level 20 in Fighting
 33911 | Snake:2  | Found Othrenux's General Store.
 34525 | Snake:1  | Found a hide-covered altar of Uskayaw.
 35152 | Snake:3  | Noticed Vashnia
 35494 | Snake:3  | Killed Vashnia
 36199 | Snake:4  | Entered Level 4 of the Snake Pit
 36327 | Snake:4  | Found Bunwecwu's Armour Emporium.
 36879 | Snake:4  | Reached skill level 21 in Fighting
 36974 | Snake:4  | Reached XP level 18. HP: 174/215 MP: 27/27
 38105 | Snake:4  | Got a serpentine rune of Zot
 38366 | Shoals:1 | Entered Level 1 of the Shoals
 38373 | Shoals:1 | Reached skill level 22 in Fighting
 38374 | Shoals:1 | Found Sexelaf's Jewellery Shop.
 39999 | Shoals:1 | Noticed Donald
 40005 | Shoals:1 | Killed Donald
 40014 | Shoals:1 | Found Ikimac's Armour Shoppe.
 40587 | Shoals:2 | Found Iwueqoffe's Armour Shop.
 40683 | Shoals:2 | Reached XP level 19. HP: 173/228 MP: 28/28
 41556 | Shoals:3 | Noticed Mara
 41557 | Shoals:3 | Noticed lunkers's illusion
 41575 | Shoals:3 | Killed Mara
 42181 | Shoals:4 | Entered Level 4 of the Shoals
 42191 | Shoals:4 | Reached skill level 15 in Throwing
 42376 | Shoals:4 | Found a snail-covered altar of Cheibriados.
 42398 | Shoals:4 | Found Vyphad's Assorted Antiques.
 42829 | Shoals:4 | Reached skill level 23 in Fighting
 43592 | Shoals:4 | Reached skill level 10 in Armour
 43915 | Shoals:4 | Got a barnacled rune of Zot
 45301 | Vaults:1 | Entered Level 1 of the Vaults
 46028 | Vaults:1 | Reached XP level 20. HP: 241/241 MP: 29/29
 46366 | Vaults:1 | Reached skill level 24 in Fighting
 47006 | Vaults:2 | Noticed Sojobo
 47041 | Vaults:2 | Killed Sojobo
 47622 | Vaults:2 | Noticed Margery
 47636 | Vaults:2 | Killed Margery
 48000 | Vaults:2 | Reached skill level 25 in Fighting
 48284 | Vaults:2 | Reached XP level 21. HP: 185/258 MP: 21/30
 48502 | Vaults:2 | Found a staircase to the Crypt.
 49046 | Vaults:3 | Noticed Jory
 49063 | Vaults:3 | Killed Jory
 49144 | Vaults:3 | Found Egaicritz's Weapon Shoppe.
 49410 | Vaults:3 | Reached skill level 26 in Fighting
 49846 | Vaults:3 | Found a glowing golden altar of the Shining One.
 50708 | Vaults:4 | Reached skill level 27 in Fighting
 52076 | Vaults:5 | Entered Level 5 of the Vaults
 52181 | Vaults:4 | Reached XP level 22. HP: 159/275 MP: 18/31
 52640 | Vaults:5 | Got a silver rune of Zot
 52664 | Vaults:5 | Noticed Mennas
 52665 | Vaults:5 | Noticed a golden dragon
 52668 | Vaults:5 | HP: 1/275 [titan/bolt of lightning (16)]
 53117 | Vaults:5 | Found the brooch of Shielding {Spirit SH+8}
 53600 | Vaults:5 | Identified the amulet "Dydeuciu" {Regen+ Str+4}
 53608 | Vaults:4 | Killed a golden dragon
 54165 | Vaults:5 | HP: 12/275 [tengu reaver/+2 vorpal great mace (8)]
 54171 | Vaults:5 | HP: 7/275 [tengu reaver/+2 vorpal great mace (10)]
 54201 | Vaults:5 | Killed Mennas
 54868 | Vaults:5 | Noticed a golden dragon
 54872 | Vaults:5 | Killed a golden dragon
 54954 | Vaults:5 | Reached XP level 23. HP: 284/284 MP: 32/32
 55029 | Vaults:5 | Identified the +7 hand axe "Dragon's Tongue" {venom, rElec
                  | rC+++ Int-2 Dex+4}
 55040 | Vaults:5 | Noticed a golden dragon
 55256 | Vaults:5 | Identified the +2 fustibalus of Weak Resourcefulness
                  | {venom, rPois}
 55277 | Vaults:4 | Killed a golden dragon
 56579 | Vaults:5 | Identified A Primer on the Arcane Arts
 56960 | D:15     | Entered Level 15 of the Dungeon
 57050 | D:15     | Reached skill level 15 in Armour
 57334 | D:15     | Found a huge runed gate.
 57334 | D:15     | Found a huge runed gate.
 57334 | D:15     | Found a huge runed gate.
 57334 | D:15     | Found a huge runed gate.
 57334 | D:15     | Found a huge runed gate.
 57335 | D:15     | Found a huge runed gate.
 57335 | D:15     | Found a huge runed gate.
 57335 | D:15     | Found a huge runed gate.
 57335 | D:15     | Found a huge runed gate.
 57335 | D:15     | Found a huge runed gate.
 57336 | D:15     | Found a huge runed gate.
 57336 | D:15     | Found a huge runed gate.
 57337 | D:15     | Found a huge runed gate.
 57338 | D:15     | Found a huge runed gate.
 57339 | D:15     | Found a huge runed gate.
 57347 | D:15     | Found a huge runed gate.
 57347 | D:15     | Found a huge runed gate.
 57347 | D:15     | Found a huge runed gate.
 57347 | D:15     | Found a huge runed gate.
 57347 | D:15     | Found a huge runed gate.
 57358 | D:15     | Found a huge runed gate.
 57358 | D:15     | Found a huge runed gate.
 57359 | D:15     | Found a huge runed gate.
 57360 | D:15     | Found a huge runed gate.
 57374 | D:15     | Found a huge runed gate.
 57374 | D:15     | Found a huge runed gate.
 57374 | D:15     | Found a huge runed gate.
 57374 | D:15     | Found a huge runed gate.
 57374 | D:15     | Found a huge runed gate.
 57375 | D:15     | Found a huge runed gate.
 57414 | D:15     | Found a staircase to the Depths.
 58009 | Depths:1 | Entered Level 1 of the Depths
 58029 | Depths:1 | Found a gateway to a ziggurat.
 58143 | Depths:1 | Found a portal to a secret trove of treasure.
 59051 | Depths:1 | You paid a toll of a +4 demon trident to enter a treasure
                  | trove
 59052 | Trove    | Entered a treasure trove
 59055 | Trove    | Found the +0 mask of the Dragon {MR+ Slay+3 SInv}
 59070 | Trove    | Found the +5 robe of Night {Dark MR+ SInv}
 59088 | Trove    | Got a translucent hat
 59092 | Trove    | Got a jewelled hat
 59103 | Trove    | Identified the +2 hat "Fuomiq" {Int+3} (You found it in a
                  | treasure trove)
 59113 | Trove    | Identified the +2 hat of Polish {rC+ Dex+3} (You found it
                  | in a treasure trove)
 59603 | Depths:1 | Found a one-way gate to the infinite horrors of the Abyss.
 59732 | Depths:1 | Found a gateway to Hell.
 59934 | Depths:2 | Reached XP level 24. HP: 295/295 MP: 32/32
 60272 | Depths:2 | Identified a scroll of acquirement
 60287 | Depths:2 | Acquired 967 gold pieces
 60375 | Depths:2 | Noticed a juggernaut
 60381 | Depths:2 | Killed a juggernaut
 62210 | Depths:3 | Reached XP level 25. HP: 304/304 MP: 32/32
 62322 | Depths:3 | Noticed a juggernaut
 62338 | Depths:3 | Killed a juggernaut
 62429 | Depths:3 | Got a steaming golden ring
 62588 | Depths:3 | Identified the ring "Ryistrav" {rF+ Str+6} (You found it on
                  | level 3 of the Depths)
 62667 | Depths:3 | Noticed the Enchantress
 62706 | Depths:3 | Killed the Enchantress
 63111 | Depths:3 | Found a one-way gate leading to the halls of Pandemonium.
 63116 | Depths:3 | Gained mutation: Armour fits poorly on your strangely
                  | shaped body. [a neqoxec]
 63124 | Depths:3 | Lost mutation: Armour fits poorly on your strangely shaped
                  | body. [potion of mutation]
 63124 | Depths:3 | Gained mutation: Scrolls take you a little longer to read.
                  | [potion of mutation]
 63124 | Depths:3 | Gained mutation: You have sharp toenails. [potion of
                  | mutation]
 63124 | Depths:3 | Gained mutation: You are somewhat resistant to further
                  | mutation. [potion of mutation]
 63306 | Depths:3 | Noticed Boris
 63311 | Depths:3 | Killed Boris
 63380 | Depths:3 | You fall into a shaft and drop 2 floors!
 63380 | Depths:5 | Entered Level 5 of the Depths
 64332 | Depths:4 | Reached XP level 26. HP: 314/314 MP: 33/33
 64845 | Depths:4 | Found Onoemm's Book Shoppe.
 65930 | Depths:5 | Found Wodajeu's Distillery.
 66209 | Depths:5 | Found a gate to the Realm of Zot.
 66769 | Zot:1    | Entered Level 1 of the Realm of Zot
 67830 | Zot:2    | Reached XP level 27. HP: 323/323 MP: 33/33
 67844 | Zot:2    | Noticed an orb of fire
 67847 | Zot:2    | Killed an orb of fire
 68054 | Zot:2    | Found a transporter.
 68133 | Zot:2    | Found a runed translucent gate.
 68134 | Zot:2    | Found a runed translucent gate.
 68135 | Zot:2    | Noticed Jofris Vesimp's ghost (legendary GnFE)
 68137 | Zot:2    | Found a runed translucent gate.
 68869 | Zot:2    | Found a transporter.
 68949 | Zot:2    | Noticed an orb of fire
 68969 | Zot:2    | HP: 14/323 [tentacled monstrosity (3)]
 68970 | Zot:2    | The Shining One protects you from harm!
 68970 | Zot:2    | Killed from afar by an orb of fire

Illustrated notes

Levels and vault maps discovered:
D:1:      scummos_arrival_hexagon, layout_loops_cross, serial_bayou,
          serial_bayou_pond_d, serial_bayou_pond_d, serial_bayou_crossing,
          serial_bayou_lake_a, serial_bayou_shore_b, minivault_14
D:2:      layout_loops_ring, grunt_temple_overflow_open
D:3:      layout_basic, kennysheep_cluttered_room
D:4:      layout_loops_ring, minmay_temple_entry_offerings
D:5:      layout_loops_ring, uniq_prince_ribbit1, uniq_edmund, uniq_grinder
D:6:      layout_rooms, uniq_blork_the_orc
D:7:      layout_loops_ring, minivault_1, abandoned_shop, minmay_shop_damaged,
          uniq_crazy_yiuf_cottage
D:8:      layout_basic, lair_entry_dummy, lightli_ossuary_entry_decrepit_ruins,
          ebering_ghost_funeral_grove, kennysheep_doodads
D:9:      layout_irregular_city, uniq_grum
D:10:     layout_basic, elyvilon_altar_3
D:11:     layout_basic, erik_orc_1, gammafunk_ghost_grave
D:12:     layout_loops_ring
D:13:     minmay_thinvault, layout_loops_ring, minmay_hollow_rounded_squares
D:14:     layout_loops_ring, erik_vaults_1, chequers_serial_rivers_large_b
D:15:     grunt_enter_depths_snipers, layout_gridville, door_vault
Temple:   regret_index_temple_chain_breaker
Lair:1:   layout_gridlike
Lair:2:   layout_hall_layers, minmay_shoals_entry_centaurs, basic_altar,
          st_stairs_8, uniq_gastronok
Lair:3:   statuecave_lemuel, layout_long_grid, nicolae_quartered_pool_little,
          chequers_serial_rivers_micro_d
Lair:4:   layout_cave_pods, dummy_snake_entry, chequers_serial_rivers_micro_c,
          grunt_megastairs_5
Lair:5:   layout_regular_city, serial_rivers, chequers_serial_rivers_large_a,
          chequers_serial_rivers_micro_b, chequers_serial_rivers_micro_d,
          chequers_serial_rivers_small_a, chequers_serial_rivers_room_b,
          chequers_serial_rivers_small_a, nicolae_volcano_entry_batcave,
          small_statue_intersection, uniq_josephine, uniq_nessos, uniq_sonja
Lair:6:   hangedman_lair_caniforms_friends, layout_loops_ring, wormcave,
          slime_altar_1, uniq_kirke, uniq_snorg
Shoals:1: layout_shoals, serial_shops, nicolae_shop_crystal,
          minmay_shop_enchanted_jewellery, st_shoals_ruin, uniq_donald
Shoals:2: layout_shoals, serial_shops, shop
Shoals:3: layout_shoals, uniq_mara
Shoals:4: shoals_end_grunt_ice, layout_shoals, serial_shops, shop,
          lemuel_centaur_altar
Snake:1:  layout_misc_corridors, basic_altar
Snake:2:  layout_layer_cave, grunt_megastairs_4, minmay_shop_star, uniq_frances,
          uniq_asterion
Snake:3:  layout_misc_corridors, serial_bayou_shore_a, uniq_vashnia
Snake:4:  grunt_snake_rune_serpentine_throne, layout_concentric_octagons,
          serial_shops, nicolae_shop_stone, serial_bayou_shore_b
Orc:1:    layout_caves
Orc:2:    st_orc_mages, layout_caves, uniq_urug
Vaults:1: grunt_vaults_diagonal, hangedman_vaults_nodes, grunt_vaults_bifocal,
          vaults_mumra_minichess_inversion, vaults_mumra_minichess,
          grunt_vaults_hallway_long, v_alt_pattern_4, v_misc_30, v_misc_23,
          nicolae_vaults_diagonal_hallway_6, v_misc_29,
          nicolae_vaults_three_branches, nicolae_vaults_specimen_jars,
          layout_vaults_omnicross, serial_glass
Vaults:2: nicolae_vaults_halls_meeting, vaults_mumra_chevron_long,
          nicolae_vaults_rhombus_6, vaults_room_stairs_pillars,
          blue_anna_dwarven_crypt, ontoclasm_vaults_ligature,
          layout_vaults_big_room, uniq_sojobo, uniq_margery
Vaults:3: serial_ice_h, v_misc_28, vaults_room_glass_cross,
          vaults_mumra_chevron, ontoclasm_vaults_claustrophobia, v_misc_24,
          grunt_vaults_swirl, nicolae_vaults_asterisk, vaults_dpeg_ring,
          layout_vaults_omnigrid, serial_shops, shop_statue, basic_altar,
          uniq_jory
Vaults:4: vaults_standard_mumra_x, v_misc_11, hangedman_vaults_restitches,
          v_pattern_5, vaults_room_fancy_cross, grunt_vaults_funnel, v_misc_17,
          nicolae_vaults_triangles, layout_vaults_omnibox
Vaults:5: uniq_mennas
Depths:1: layout_big_octagon, enter_ziggurat_e,
          nicolae_trove_entry_path_of_doom, abyss_entry_small_statue_room,
          serial_sigils_hangedman_carve, grunt_hell_entry_demonic_statue,
          st_stairs_7, hangedman_abyss_or_decor_lesser_grid, abandoned_shop,
          lemuel_nasty_fountain
Depths:2: box_level_dp, abyss_entry, hell_entry
Depths:3: minmay_the_grid_triangle_9x9_rhombus_full
          [minmay_the_grid_triangle_9x9_stretched_checkered,
          minmay_the_grid_triangle_9x9_intruding_spiral,
          minmay_the_grid_triangle_9x9_zippers_horizontal,
          minmay_the_grid_triangle_9x9_windchime,
          minmay_the_grid_triangle_9x9_negative_grid,
          minmay_the_grid_triangle_9x9_pentomino_pain,
          minmay_the_grid_triangle_9x9_cache,
          minmay_the_grid_triangle_9x9_prize_insulated], layout_twisted_cross,
          nicolae_wwwww, grunt_pan_entry_spiral, pf_hell_entry_tar_river,
          kennysheep_generic_room_13, uniq_boris, uniq_enchantress
Depths:4: minmay_bubble_buster, layout_gridlike, marbit_kobold_abyss_entry,
          hell_entry, serial_shops, shop, moated_statue
Depths:5: grunt_zot_entry_bicorn, layout_gridville, serial_shops, shop,
          hell_entry, minmay_splitting_lines
Zot:1:    kennysheep_blocky_hall, layout_concentric_octagons
Zot:2:    gammafunk_dig_for_victory, layout_concentric_octagons,
          gammafunk_ghost_tricky_traps

Skill      XL: |  1  2  3  4  5  6  7  8  9 10 11 12 13 14 15 16 17 18 19 20 21 22 23 24 25 26 27 |
---------------+----------------------------------------------------------------------------------+-----
Axes           | 3 4 5 |  5.6
Fighting       | 5 6 8 9 10 12 13 14 15 16 18 19 21 22 23 25 27 | 27.0
Maces & Flails | 1 4 6 8 10 12 13 14 15 16 17 | 17.7
Invocations    | 2 5 7 9 10 12 13 14 | 14.2
Throwing       | 2 5 9 11 12 14 15 16 18 20 23 25 26 | 26.0
Armour         | 5 7 8 10 12 14 15 17 18 | 18.1
Dodging        | |  2.6
Shields        | |  2.6

Action                   |  1- 3 |  4- 6 |  7- 9 | 10-12 | 13-15 | 16-18 | 19-21 | 22-24 | 25-27 || total
-------------------------+-------+-------+-------+-------+-------+-------+-------+-------+-------++-------
Melee: War axe           |   103 |   155 |       |       |       |       |       |       |       ||   258
       Giant club        |       |    14 |   256 |   524 |   827 |   817 |  1036 |   679 |   464 ||  4617
       Kick              |       |       |       |       |       |       |       |       |   172 ||   172
Throw: Dart              |     2 |       |       |       |       |       |     5 |       |       ||     7
       Stone             |     5 |    40 |    22 |    43 |   215 |   202 |       |       |       ||   527
       Boomerang         |       |       |       |       |     6 |   498 |   450 |     7 |       ||   961
       Javelin           |       |       |       |       |       |       |     1 |       |     4 ||     5
       Large rock        |       |       |       |       |       |       |       |   483 |   396 ||   879
Invok: Divine Shield     |       |       |       |     2 |     3 |     3 |     5 |     3 |     4 ||    20
       Cleansing Flame   |       |       |       |       |       |     1 |       |       |     3 ||     4
       Summon Divine War |       |       |       |       |       |       |     2 |       |       ||     2
Evoke: Wand              |       |       |       |       |    14 |     1 |       |       |       ||    15
       Phantom mirror    |       |       |       |       |       |       |     1 |       |       ||     1
  Use: Potion            |       |     2 |       |       |     1 |       |       |    11 |     1 ||    15
       Scroll            |       |       |       |     9 |    24 |    11 |     6 |    10 |     3 ||    63
 Stab: Sleeping          |     1 |       |       |       |       |       |       |       |       ||     1
Armor: Robe              |    25 |    38 |    55 |    84 |       |       |       |       |       ||   202
       Troll leather arm |       |       |       |    30 |   209 |     2 |       |       |       ||   241
       Gold dragon scale |       |       |       |       |       |   621 |   771 |   452 |   272 ||  2116
Dodge: Dodged            |    33 |    76 |   119 |   278 |   360 |   522 |   584 |   280 |   138 ||  2390
       Repelled          |       |       |       |       |       |       |       |     6 |     3 ||     9
Block: Kite shield       |    41 |    78 |       |       |       |       |       |       |       ||   119
       Other             |       |       |       |     6 |     8 |    36 |    86 |   206 |   173 ||   515

Table legend: (Time is in decaauts)
 A = Elapsed time spent in this place.
 B = Non-inter-level travel time spent in this place.
 C = Inter-level travel time spent in this place.
 D = Time resting spent in this place.
 E = Time spent auto-exploring this place.
 F = Levels seen in this place.
 G = Mean time per level.
                   A        B        C        D        E       F      G
               +--------+--------+--------+--------+--------+-----+--------+
         Total |  67208 |  63076 |   4132 |   7171 |  43542 |  47 | 1430.0 |
       Dungeon |  21467 |  19656 |   1811 |   2356 |  14023 |  15 | 1431.1 |
        Temple |    168 |    160 |      8 |      0 |    121 |   1 |  168.0 |
          Lair |   8267 |   7287 |    980 |    119 |   5951 |   6 | 1377.8 |
        Shoals |   6997 |   6663 |    334 |   1225 |   4009 |   4 | 1749.2 |
     Snake Pit |   6343 |   6140 |    203 |    335 |   4869 |   4 | 1585.8 |
  Orcish Mines |   2346 |   2292 |     54 |    821 |    893 |   2 | 1173.0 |
        Vaults |  11024 |  10707 |    317 |   2076 |   6413 |   5 | 2204.8 |
        Depths |   7661 |   7324 |    337 |     98 |   5531 |   5 | 1532.2 |
           Zot |   2097 |   2012 |     85 |      0 |   1674 |   2 | 1048.5 |
         Trove |    174 |    174 |      0 |      0 |      6 |   1 |  174.0 |
       Ossuary |    183 |    183 |      0 |      0 |     21 |   1 |  183.0 |
       Volcano |    475 |    475 |      0 |    140 |     29 |   1 |  475.0 |
               +--------+--------+--------+--------+--------+-----+--------+

Top non-repeatable levels by time:
Vaults:4: 3776 daAuts
Vaults:5: 2502 daAuts
    D:11: 2487 daAuts
 Snake:2: 2371 daAuts
Shoals:3: 2353 daAuts
  Lair:6: 2238 daAuts
Depths:2: 2062 daAuts
Shoals:1: 1934 daAuts
 Snake:4: 1856 daAuts
Vaults:2: 1777 daAuts
Shoals:4: 1773 daAuts
     D:6: 1761 daAuts
    D:13: 1727 daAuts
Depths:5: 1645 daAuts
     D:3: 1638 daAuts
